 Dungeon Crawl Stone Soup version 0.21.1-1-g345015fe64 (webtiles) character file.

35 Lothor the Poker (level 3, -5/32 HPs)
             Began as a Naga Warper on Mar 21, 2018.
             Slain by a hobgoblin
             ... wielding a +0 club
              (6 damage)
             ... on level 1 of the Dungeon.
             The game lasted 00:04:38 (571 turns).

Lothor the Poker (Naga Warper)                       Turns: 571, Time: 00:04:38

Health: -5/32      AC:  2    Str: 14    XL:     3   Next: 33%
Magic:  6/6        EV:  9    Int: 13    God:
Gold:   90         SH:  0    Dex: 10    Spells: 6/6 levels left

rFire    . . .     SeeInvis +   a - +0 spear
rCold    . . .     Gourm    .   (no shield)
rNeg     . . .     Faith    .   b - +0 leather armour
rPois    +         Spirit   .   (no helmet)
rElec    .         Reflect  .   (no cloak)
rCorr    .         Harm     .   (no gloves)
MR       .....                  (no barding)
Stlth    +.........             (no amulet)
HPRegen  0.10/turn              (no ring)
MPRegen  0.10/turn              (no ring)

@: lethally poisoned (-5 -> -7), short of breath, very slow
A: large, see invisible, deformed body, poison resistance, slowness 2, slow
metabolism 1, spit poison 1, AC +1
a: Spit Poison


You were on level 1 of the Dungeon.
You were not hungry.

You visited 1 branch of the dungeon, and saw 2 of its levels.

You collected 90 gold pieces.

Inventory:

Hand Weapons
 a - a +0 spear (weapon)
Missiles
 e - 5 tomahawks of dispersal (quivered)
 k - 39 stones
 m - 24 sling bullets
 o - 12 arrows
Armour
 b - a +0 leather armour (worn)
Scrolls
 d - 2 scrolls of blinking
 g - 2 scrolls of identify {unknown}
 h - a scroll of remove curse {unknown}
 l - a scroll of enchant armour {unknown}
 n - a scroll of amnesia {unknown}
Potions
 i - a potion of curing {unknown}
 j - a potion of berserk rage {unknown}
Books
 c - a book of Spatial Translocations

   Spells                             Type                      Level
   a - Blink                          Translocation                2
   b - Shroud of Golubria             Charms/Translocation         2
   c - Lesser Beckoning               Translocation                3
   d - Gell's Gravitas                Translocation                3
   e - Teleport Other                 Translocation                3
   f - Passage of Golubria            Translocation                4
Comestibles
 f - 2 rations


   Skills:
 - Level 2.0 Fighting
 + Level 3.6 Polearms
 - Level 0.8 Throwing
 - Level 0.7 Armour
 - Level 1.5 Dodging
 - Level 2.0 Spellcasting
   Level 3.0 Translocations


You had 6 spell levels left.
You didn't know any spells.

Dungeon Overview and Level Annotations

Branches:
Dungeon (2/15)

Altars:


Innate Abilities, Weirdness & Mutations

You cannot wear boots.
Your serpentine skin is tough. (AC +1)
You have supernaturally acute eyesight. (SInv)
Armour fits poorly on your strangely shaped body.
Your system is resistant to poisons. (rPois)
You cover ground very slowly.
You have a slow metabolism.
You can spit poison.


Message History

You see here an adder corpse.
The adder bites you.
You are poisoned.
The adder poisons you! The hobgoblin hits you with a club.
* * * LOW HITPOINT WARNING * * *
The adder closely misses you.
You climb upwards.
You feel sick.
There is a stone staircase leading down here.
You can't do that yet.
You hit the adder but do no damage.
The adder is moderately wounded.
The adder bites you.
* * * LOW HITPOINT WARNING * * *
The hobgoblin hits you but does no damage.
You hit the adder.
The adder is severely wounded.
The adder bites you.
* * * LOW HITPOINT WARNING * * *
The hobgoblin hits you with a club.
You die...

######## #......#
#......# #......####
#####......+..#
#..........##.#
#.###......##.##
####..............#
...............g@##
####..#....#####S# #
#..#..#.## #.# #
#..#.....####'##### ##
#..#..#...........# .#
#.................#
.###.................#
..######.............#
.....................#


You could see an adder and a hobgoblin.

Vanquished Creatures
  An adder (D:2)
  A gnoll (D:1)
  A ball python (D:1)
  A giant cockroach (D:1)
  A goblin (D:1)
  3 hobgoblins (D:1)
  4 kobolds (D:1)
  A bat (D:1)
  A frilled lizard (D:1)
  2 rats (D:1)
16 creatures vanquished.

Notes
Turn   | Place    | Note
-------+----------+-------------------------------------------
     0 | D:1      | Lothor the Naga Warper began the quest for the Orb.
     0 | D:1      | Reached XP level 1. HP: 19/19 MP: 3/3
    93 | D:1      | Reached XP level 2. HP: 24/26 MP: 5/5
   314 | D:1      | Reached XP level 3. HP: 32/32 MP: 6/6
   571 | D:1      | HP: 1/32 [adder (4)]
   571 | D:1      | Slain by a hobgoblin

Skill      XL: |  1  2 |
---------------+-------+-----
Polearms       | 3 |  3.6
Fighting       | |  2.0
Throwing       | |  0.8
Armour         | |  0.7
Dodging        | |  1.5
Spellcasting   | |  2.0
Translocations | |  3.0

Action                   || total
-------------------------++-------
Melee: Spear             ||    29
 Abil: Spit Poison       ||    17
Armor: Leather armour    ||     6
Dodge: Dodged            ||    13
